 Dungeon Crawl Stone Soup version 0.28.0-43-g3370ac3207 (webtiles) character file.

Game seed: 12011695430241698457

167 sizableburger the Skirmisher (level 5, -5/41 HPs)
             Began as a Mummy Abyssal Knight on Mar 10, 2022.
             Was a Believer of Lugonu.
             Slain by Crazy Yiuf
             ... wielding a +2 quarterstaff of chaos
              (8 damage)
             ... on level 3 of the Dungeon.
             The game lasted 00:05:35 (3380 turns).

sizableburger the Skirmisher (Mummy Abyssal Knight) Turns: 3380, Time: 00:05:36

Health: -5/41      AC:  4    Str: 18    XL:     5   Next: 23%
Magic:  3/6        EV: 11    Int:  9    God:    Lugonu [**....]
Gold:   136        SH:  0    Dex: 13    Spells: 4/4 levels left

rFire   . . .      SeeInvis +   c - +5 halberd of Tizium Renot {vorpal, rF+ SInv}
rCold   + . .      Faith    .   (shield currently unavailable)
rNeg    + + +      Spirit   .   b - +0 leather armour
rPois   ∞          Reflect  .   d - +0 helmet
rElec   .          Harm     .   (no cloak)
rCorr   .          Rampage  .   (no gloves)
Will    .....                   (no boots)
Stlth   +.........              (no amulet)
HPRegen 0.13/turn               (no ring)
MPRegen 0.10/turn               (no ring)

@: mighty
A: cold resistance 1, negative energy resistance 3, torment resistance 2, heat
vulnerability 1, no potions
a: Renounce Religion, Depart the Abyss, Bend Space


You were on level 3 of the Dungeon.
You worshipped Lugonu.
Lugonu was pleased with you.
You visited 1 branch of the dungeon, and saw 3 of its levels.
You visited the Abyss 1 time.

You collected 136 gold pieces.

Inventory:

Hand Weapons
 c - the +5 halberd of Tizium Renot (weapon) {vorpal, rF+ SInv}
   (You acquired it on level 3 of the Dungeon)

   It inflicts extra damage upon your enemies.
   rF:        It protects you from fire.
   SInv:      It lets you see invisible.
 i - a +0 war axe of freezing
Armour
 b - a +0 leather armour (worn)
 d - a +0 helmet (worn)
Jewellery
 g - an amulet of the acrobat
Scrolls
 a - a scroll of noise {unknown}
 e - a scroll of enchant weapon
 h - a scroll of enchant armour {unknown}


   Skills:
 + Level 3.5 Fighting
 - Level 3.4(3.7) Axes
 + Level 2.2(3.1) Polearms
 - Level 1.5 Armour
 - Level 0.7 Dodging
 - Level 1.5 Invocations


You had 4 spell levels left.
You didn't know any spells.
Your spell library contained the following spells:

 Spells                   Type           Power      Damage    Failure   Level
 Animate Skeleton         Necr           0%         N/A       43%         1
 Apportation              Tloc           0%         N/A       43%         1
 Summon Small Mammal      Summ           0%         N/A       43%         1
 Blink                    Tloc           0%         N/A       58%         2
 Lesser Beckoning         Tloc           0%         N/A       82%         3
 Manifold Assault         Tloc           0%         N/A       100%        5
 Summon Hydra             Summ           0%         N/A       100%        7
 Sublimation of Blood     Necr           Unusable   N/A       N/A         2
 Wereblood                Tmut           Unusable   N/A       N/A         2

Dungeon Overview and Level Annotations

Branches:
Dungeon (3/15)

Altars:

Annotations:
D:2 Terence
D:3 Crazy Yiuf


Innate Abilities, Weirdness & Mutations

You are immune to poison.
Your flesh is cold resistant. (rC+)
You are immune to negative energy. (rN+++)
You are immune to unholy pain and torment.
You are vulnerable to heat. (rF-)
You do not drink.


Message History

Found a masterwork mace, a runed mace and a mace.
You see here a +0 mace.
Okay, then.
As you read the scroll labelled KAPPAB UCSISS, it crumbles to dust.
It is a scroll of identify.
e - a scroll of enchant weapon
As you read the scroll of identify, it crumbles to dust.
c - a scroll of acquirement
Okay, then.
Okay, then.
Okay, then.
Something appears at your feet!
c - the +5 halberd of Tizium Renot {vorpal, rF+ SInv} Your +0 war axe of freezing stops glowing.
c - the +5 halberd of Tizium Renot (weapon)
{vorpal, rF+ SInv} Your movement speed is average.
Your attack delay is about 1.3.
You open the door. You puncture Crazy Yiuf!
Crazy Yiuf is almost dead.
Crazy Yiuf hits you with a +2 quarterstaff of chaos!
Crazy Yiuf hits you with a +2 quarterstaff of chaos.
Crazy Yiuf freezes you.
You fail to use your ability.
Crazy Yiuf barely misses you.
You fail to use your ability.
Crazy Yiuf hits you with a +2 quarterstaff of chaos!
Crazy Yiuf freezes you.
* * * LOW HITPOINT WARNING * * *
Space bends around you!
You blink.
Crazy Yiuf says, "Castle!
Mugger song head."
Space bends around you!
You blink.
Crazy Yiuf hits you with a +2 quarterstaff of chaos.
* * * LOW HITPOINT WARNING * * *
You feel very mighty all of a sudden.
Okay, then.
There is an open translucent door here.
Space bends around you!
You blink.
You aren't carrying any items that you can evoke.
Okay, then.
Crazy Yiuf hits you with a +2 quarterstaff of chaos!
You die...

#.##.#.##.
#.##>#.##.
######.##. #.##.
#.##. #####
####.### #)))###
##.#...!.
#.))§)####......##
#@g)##))#)PP......
########)#).#.#.##
########.## #...
#### #


You could see Crazy Yiuf.

Vanquished Creatures
  A bullfrog zombie (D:3)
  Natasha (thrice) (D:3)
  An adder (D:2)
  A worm (D:3)
  A dart slug (D:2)
  3 bats
  An endoplasm (D:1)
  A giant cockroach (D:3)
  A goblin (D:3)
  4 hobgoblins
  4 jackals (D:2)
  8 ball pythons
  A frilled lizard (D:1)
  13 kobolds
  7 rats
50 creatures vanquished.

Vanquished Creatures (others)
  A bush (D:1)
  7 plants (D:1)
8 creatures vanquished.

Grand Total: 58 creatures vanquished

Notes
Turn   | Place    | Note
-------+----------+-------------------------------------------
     0 | Abyss:1  | sizableburger the Mummy Abyssal Knight began the quest for
                  | the Orb.
     0 | Abyss:1  | Reached XP level 1. HP: 18/18 MP: 2/2
    81 | D:1      | Escaped the Abyss
   527 | D:1      | Reached XP level 2. HP: 24/24 MP: 3/3
  1223 | D:1      | Found a faded altar of an unknown god.
  1556 | D:2      | Noticed Terence
  1998 | D:2      | Reached XP level 3. HP: 24/29 MP: 4/4
  2003 | D:2      | Reached ** piety under Lugonu
  2177 | D:2      | Reached skill level 1 in Axes
  2566 | D:3      | Reached XP level 4. HP: 16/35 MP: 5/5
  2868 | D:3      | Noticed Natasha
  2888 | D:3      | Killed Natasha
  2949 | D:3      | Noticed Natasha
  2962 | D:3      | Killed Natasha
  2966 | D:3      | Reached XP level 5. HP: 23/41 MP: 6/6
  2992 | D:3      | Noticed Natasha
  2999 | D:3      | Killed Natasha
  3362 | D:3      | Found a runed translucent door.
  3363 | D:3      | Identified the +6 mace "Feah" {freeze, Fragile rElec rCorr}
  3363 | D:3      | Noticed Crazy Yiuf
  3367 | D:3      | Identified a scroll of acquirement
  3368 | D:3      | Acquired the +5 halberd of Tizium Renot {vorpal, rF+ SInv}
  3377 | D:3      | Identified the +8 mace "Fatath" {venom, rF+ Int+5}
  3380 | D:3      | Slain by Crazy Yiuf

Illustrated notes

Levels and vault maps discovered:
D:1:      dpeg_arrival_castle, layout_basic, chequers_ecumenical_altar_grove,
          lexackson_kobold_supper
D:2:      layout_loops_cross, kennysheep_potato, uniq_terence
D:3:      layout_loops_cross, uniq_crazy_yiuf_cottage, uniq_natasha

Skill      XL: |  1  2  3  4 |
---------------+-------------+-----
Polearms       | 2 |  2.2
Axes           | 2 3 |  3.4
Fighting       | |  3.5
Armour         | |  1.5
Dodging        | |  0.7
Invocations    | |  1.5

Action                   |  1- 3 |  4- 6 || total
-------------------------+-------+-------++-------
Melee: Spear             |    77 |       ||    77
       War axe           |    48 |    42 ||    90
       Punch             |     1 |       ||     1
       Halberd           |       |     1 ||     1
Invok: Bend Space        |       |     3 ||     3
  Use: Scroll            |       |     3 ||     3
 Stab: Sleeping          |     1 |       ||     1
Armor: Leather armour    |    44 |     8 ||    52
Dodge: Dodged            |    63 |    26 ||    89
